 Dungeon Crawl Stone Soup version 0.30-a0-728-gc68057be0a (webtiles) character file.

Game seed: 13445503391194601617

1771 Crownlay the Chiller (level 9, -1/65 HPs)
             Began as a Gnoll Ice Elementalist on Jan 31, 2023.
             Was an Elder of Uskayaw.
             Slain by an orc warrior
             ... wielding a +0 glaive
              (12 damage)
             ... in a bailey.
             The game lasted 00:09:31 (5698 turns).

Crownlay the Chiller (Gnoll Ice Elementalist)       Turns: 5698, Time: 00:09:32

Health: -1/65      AC: 12    Str:  8    XL:     9   Next: 7%
Magic:  11/18      EV: 13    Int: 19    God:    Uskayaw [****..]
Gold:   281        SH:  5    Dex: 12    Spells: 11/21 levels left

rFire   . . .      SeeInvis .    v - +3 spear (vamp)
rCold   . . .      Faith    .    m - +0 buckler
rNeg    + . .      Spirit   .    u - +1 robe {rN+}
rPois   .          Reflect  .    c - +0 helmet
rElec   .          Harm     .    (no cloak)
rCorr   .          Rampage  .    (no gloves)
Will    .....                    (no boots)
Stlth   +++                      (no amulet)
HPRegen 0.30/turn                (no ring)
MPRegen 0.16/turn                (no ring)

@: ice-armoured, freezing walls
A: fangs 1, strong nose, distributed training
a: Renounce Religion, Stomp, Line Pass


You were in a bailey.
You worshipped Uskayaw.
Uskayaw was noncommittal.
You visited 2 branches of the dungeon, and saw 8 of its levels.
You also visited: Bailey.

You collected 329 gold pieces.
You spent 48 gold pieces at shops.

Inventory:

Hand Weapons
 l - a +1 dagger of venom
 v - a +3 vampiric spear (weapon)
Missiles
 y - 6 silver javelins
 z - a throwing net
Armour
 c - a +0 helmet (worn)
 m - a +0 buckler (worn)
 u - a +1 robe of positive energy (worn)
Wands
 t - a wand of light (8)
Scrolls
 a - a scroll of torment {unknown}
 d - 2 scrolls of amnesia
 e - a scroll of magic mapping
 g - 5 scrolls of teleportation
 k - 3 scrolls of noise
 p - 3 scrolls of immolation
 s - a scroll of enchant armour {unknown}
 x - a scroll of poison {unknown}
 A - a scroll of fog {unknown}
 B - a scroll of blinking {unknown}
Potions
 b - 2 potions of magic
 f - 2 potions of mutation {unknown}
 h - 3 potions of haste
 i - a potion of cancellation {unknown}
 j - a potion of ambrosia {unknown}
 n - 2 potions of invisibility
 o - 2 potions of attraction {unknown}
 r - a potion of curing
 C - a potion of berserk rage {unknown}


   Skills:
 + Level 4.0 Fighting
 + Level 4.0 Short Blades
 + Level 4.0 Long Blades
 + Level 4.0 Axes
 + Level 4.0 Maces & Flails
 + Level 4.0 Polearms
 + Level 4.0 Staves
 + Level 4.0 Ranged Weapons
 + Level 4.0 Throwing
 + Level 4.0 Armour
 + Level 6.1 Dodging
 + Level 5.9 Stealth
 + Level 4.0 Shields
 + Level 4.0 Unarmed Combat
 + Level 6.5 Spellcasting
 + Level 3.3 Conjurations
 + Level 3.3 Hexes
 + Level 3.3 Summonings
 + Level 3.3 Necromancy
 + Level 3.3 Translocations
 + Level 3.3 Transmutations
 + Level 3.3 Fire Magic
 + Level 7.9 Ice Magic
 + Level 3.3 Air Magic
 + Level 3.3 Earth Magic
 + Level 3.3 Poison Magic
 + Level 4.4 Invocations
 + Level 4.0 Evocations


You had 11 spell levels left.
You knew the following spells:

 Your Spells              Type           Power      Damage    Failure   Level
a - Freeze                Ice            100%       1d10      1%          1
b - Frozen Ramparts       Ice            72%        1d11      1%          3
c - Ozocubu's Armour      Ice            36%        N/A       1%          3
d - Dazzling Flash        Conj/Hex       36%        N/A       11%         3

Your spell library contained the following spells:

 Spells                   Type           Power      Damage    Failure   Level
 Blink                    Tloc           36%        N/A       5%          2
 Sublimation of Blood     Necr           18%        N/A       5%          2
 Summon Ice Beast         Ice/Summ       27%        N/A       13%         4
 Manifold Assault         Tloc           18%        N/A       34%         4
 Passage of Golubria      Tloc           18%        N/A       34%         4
 Petrify                  Tmut/Erth      18%        N/A       34%         4
 Agony                    Necr           18%        N/A       67%         5
 Irradiate                Conj/Tmut      9%         3d14      67%         5
 Silence                  Hex/Air        9%         N/A       67%         5
 Ozocubu's Refrigeration  Ice            18%        4d11      99%         7
 Storm Form               Tmut/Air       9%         N/A       100%        7
 Lehudib's Crystal Spear  Conj/Erth      9%         10d4      100%        8


Dungeon Overview and Level Annotations

Branches:
Dungeon (7/15)             Temple (1/1) D:5          Bailey (1/1)

Altars:
Ashenzari
Cheibriados
Dithmenos
Elyvilon
Gozag
Hepliaklqana
Kikubaaqudgha
Makhleb
Okawaru
Sif Muna
Uskayaw
Vehumet
Wu Jian
Xom
Yredelemnul

Shops:
D:6 *

Annotations:
D:6 exclusion: statue


Innate Abilities, Weirdness & Mutations

You have very sharp teeth.
Your uncanny sense of smell can sniff out nearby items.
Your experience applies equally to all skills.


Message History

Reach: v) +3 spear (vamp)
Press: ? - help, Dir - move target, f - orc warrior
Aim: an orc warrior, wielding a +0 halberd and wearing a +0 plate armour (severely wounded, about 35% to evade your +3 vampiric spear)
You reach to attack!
You hit the orc warrior but do no damage.
The orc warrior is severely wounded.
The wall freezes the orc.
The orc closely misses you.
The wall freezes the orc warrior!
The orc warrior hits you from afar with a +0 glaive.
The wall freezes the orc warrior.
The orc warrior hits you from afar with a +0 halberd!
* * * LOW HITPOINT WARNING * * *
Uskayaw will force your foes to share their pain.
Uskayaw links your audience in an emotional bond!
You feel better.
The wall freezes the orc!
You kill the orc warrior!
You kill the orc!
The wall freezes the orc warrior.
The orc warrior hits you from afar with a +0 glaive.
* * * LOW HITPOINT WARNING * * *
Your Fighting skill increases to level 4!
Your Short Blades skill increases to level 4!
Your Long Blades skill increases to level 4!
Your Axes skill increases to level 4!
Your Maces & Flails skill increases to level 4!
Your Polearms skill increases to level 4!
Your Staves skill increases to level 4!
Your Ranged Weapons skill increases to level 4!
Your Throwing skill increases to level 4!
Your Armour skill increases to level 4!
Your Shields skill increases to level 4!
Your Unarmed Combat skill increases to level 4!
Your Evocations skill increases to level 4!
Reach: v) +3 spear (vamp)
Press: ? - help, Dir - move target, f - orc warrior
Aim: an orc warrior, wielding a +0 glaive and wearing a +0 ring mail (almost dead, sharing its pain, about 39% to evade your +3 vampiric spear)
You reach to attack!
You hit the orc warrior.
The orc warrior is almost dead.
The wall freezes the orc warrior but does no damage.
The orc warrior hits you from afar with a +0 glaive!
You die...

############ ######
#.∩....))..## #.....#
......#))...######.....
.....###....#....#).##...
∩.....8.....'...@)o.8....
.....###....#....#).##...
......#.....######.....
#.∩........## #.....#
############ ######


You could see an orc warrior (pain bonded).

Vanquished Creatures
  Sigmund (D:3)
  2 ice beasts
  An orc warrior (Bailey)
  2 ogres (D:6)
  2 phantoms (D:5)
  A kobold brigand (D:6)
  2 scorpions
  2 howler monkeys
  7 hounds
  A gnoll bouda (D:5)
  4 iguanas
  Terence (D:3)
  2 orc wizards
  Robin (D:4)
  9 adders
  12 gnolls
  3 ufetubi
  5 dart slugs
  24 orcs
  4 endoplasms
  A giant cockroach (D:1)
  6 hobgoblins
  2 quokkas (D:2)
  7 ball pythons
  2 bats (D:1)
  4 frilled lizards
  14 goblins
  10 kobolds
  5 rats
137 creatures vanquished.

Notes
Turn   | Place    | Note
-------+----------+-------------------------------------------
     0 | D:1      | Crownlay the Gnoll Ice Elementalist began the quest for the
                  | Orb.
     0 | D:1      | Reached XP level 1. HP: 13/13 MP: 6/6
   166 | D:1      | Reached XP level 2. HP: 19/19 MP: 5/7
   768 | D:2      | Reached skill level 5 in Spellcasting
   768 | D:2      | Reached XP level 3. HP: 25/25 MP: 5/9
   772 | D:2      | Learned a level 3 spell: Frozen Ramparts
   776 | D:2      | Learned a level 3 spell: Ozocubu's Armour
   843 | D:2      | Reached skill level 1 in Invocations
   965 | D:2      | Reached skill level 1 in Fighting
   965 | D:2      | Reached skill level 1 in Short Blades
   965 | D:2      | Reached skill level 1 in Long Blades
   965 | D:2      | Reached skill level 1 in Axes
   965 | D:2      | Reached skill level 1 in Maces & Flails
   965 | D:2      | Reached skill level 1 in Polearms
   965 | D:2      | Reached skill level 1 in Staves
   965 | D:2      | Reached skill level 1 in Ranged Weapons
   965 | D:2      | Reached skill level 1 in Throwing
   965 | D:2      | Reached skill level 1 in Armour
   965 | D:2      | Reached skill level 1 in Shields
   965 | D:2      | Reached skill level 1 in Unarmed Combat
   965 | D:2      | Reached skill level 1 in Evocations
  1150 | D:2      | Reached XP level 4. HP: 32/32 MP: 11/11
  1167 | D:2      | Found a faded altar of an unknown god.
  1831 | D:3      | Noticed Terence
  1856 | D:3      | Killed Terence
  1857 | D:3      | Reached skill level 1 in Conjurations
  1857 | D:3      | Reached skill level 1 in Hexes
  1857 | D:3      | Reached skill level 1 in Summonings
  1857 | D:3      | Reached skill level 1 in Necromancy
  1857 | D:3      | Reached skill level 1 in Translocations
  1857 | D:3      | Reached skill level 1 in Transmutations
  1857 | D:3      | Reached skill level 1 in Fire Magic
  1857 | D:3      | Reached skill level 1 in Air Magic
  1857 | D:3      | Reached skill level 1 in Earth Magic
  1857 | D:3      | Reached skill level 1 in Poison Magic
  1876 | D:3      | Noticed Sigmund
  1885 | D:3      | Killed Sigmund
  1886 | D:3      | Reached skill level 5 in Dodging
  1886 | D:3      | Reached XP level 5. HP: 38/38 MP: 1/12
  1886 | D:3      | Reached XP level 6. HP: 44/44 MP: 1/14
  2006 | D:3      | Found a broken altar of Ashenzari.
  2804 | D:4      | Noticed Robin
  2825 | D:4      | Killed Robin
  2826 | D:4      | Reached XP level 7. HP: 47/50 MP: 4/15
  3453 | D:5      | Entered Level 5 of the Dungeon
  3529 | D:5      | Reached skill level 5 in Stealth
  4028 | D:5      | Reached XP level 8. HP: 28/58 MP: 11/16
  4192 | D:5      | Found a staircase to the Ecumenical Temple.
  4585 | Temple   | Entered the Ecumenical Temple
  4600 | Temple   | Became a worshipper of Uskayaw the Reveller
  4640 | D:6      | Reached * piety under Uskayaw
  4644 | D:6      | Reached ** piety under Uskayaw
  4783 | D:6      | Reached *** piety under Uskayaw
  4786 | D:6      | Reached **** piety under Uskayaw
  4965 | D:6      | Learned a level 3 spell: Dazzling Flash
  5072 | D:6      | Found Itucu's Assorted Antiques.
  5080 | D:6      | Bought a scroll labelled INATWI XEMNIFE for 24 gold pieces
  5080 | D:6      | Bought a scroll labelled LAMATRIOSO for 24 gold pieces
  5221 | D:6      | Found a radiant altar of Vehumet.
  5566 | D:7      | Found a flagged portal.
  5574 | D:7      | Reached XP level 9. HP: 65/65 MP: 11/18
  5610 | Bailey   | Entered a bailey
  5698 | Bailey   | Slain by an orc warrior

Illustrated notes

Levels and vault maps discovered:
D:1:      nzn_arrival_crosshair, layout_basic
D:2:      layout_loops_cross, basic_ecumenical_altar, grunt_ministairs_14
D:3:      layout_basic, nicolae_ashenzari_panopticon, uniq_terence, uniq_sigmund
D:4:      layout_basic, uniq_robin
D:5:      layout_basic, minmay_temple_entry_glassed_door
D:6:      layout_basic, vehumet_statue, serial_shops, shop
D:7:      layout_cave_pods, serial_glass, glass_columns_a, glass_columns_c,
          enter_bailey_7, chequers_hall_statues_wall_a
Temple:   nicolae_temple_bog_church
Bailey:   bailey_polearm_5, bailey

Skill      XL: |  1  2  3  4  5  6  7  8  9 |
---------------+----------------------------+-----
Spellcasting   | 5 6 |  6.5
Invocations    | 1 2 3 4 |  4.4
Fighting       | 1 2 3 4 |  4.0
Short Blades   | 1 2 3 4 |  4.0
Long Blades    | 1 2 3 4 |  4.0
Axes           | 1 2 3 4 |  4.0
Maces & Flails | 1 2 3 4 |  4.0
Polearms       | 1 2 3 4 |  4.0
Staves         | 1 2 3 4 |  4.0
Ranged Weapons | 1 2 3 4 |  4.0
Throwing       | 1 2 3 4 |  4.0
Armour         | 1 2 3 4 |  4.0
Shields        | 1 2 3 4 |  4.0
Unarmed Combat | 1 2 3 4 |  4.0
Evocations     | 1 2 3 4 |  4.0
Conjurations   | 1 2 3 |  3.3
Hexes          | 1 2 3 |  3.3
Summonings     | 1 2 3 |  3.3
Necromancy     | 1 2 3 |  3.3
Translocations | 1 2 3 |  3.3
Transmutations | 1 2 3 |  3.3
Fire Magic     | 1 2 3 |  3.3
Air Magic      | 1 2 3 |  3.3
Earth Magic    | 1 2 3 |  3.3
Poison Magic   | 1 2 3 |  3.3
Dodging        | 5 6 |  6.1
Stealth        | 5 |  5.9
Ice Magic      | |  7.9

Action                     |  1- 3 |  4- 6 |  7- 9 || total
---------------------------+-------+-------+-------++-------
  Melee: Unarmed           |     2 |       |       ||     2
         Dagger            |     7 |    43 |    96 ||   146
         Punch             |     1 |       |       ||     1
         Bite              |       |     2 |    28 ||    30
         Spear             |       |       |   127 ||   127
   Cast: Freeze            |    40 |    16 |     3 ||    59
         Frozen Ramparts   |       |    10 |    19 ||    29
         Ozocubu's Armour  |       |     6 |    12 ||    18
 Invoke: Stomp             |       |       |     2 ||     2
    Use: Scroll            |       |       |    10 ||    10
         Potion            |       |       |     2 ||     2
   Stab: Sleeping          |     1 |     3 |     2 ||     6
         Paralysed         |       |       |     6 ||     6
 Armour: Robe              |     5 |    12 |    67 ||    84
  Dodge: Dodged            |    25 |    45 |   127 ||   197
  Block: Buckler           |       |     6 |    52 ||    58

Table legend: (Time is in decaauts)
 A = Elapsed time spent in this place.
 B = Non-inter-level travel time spent in this place.
 C = Inter-level travel time spent in this place.
 D = Time resting spent in this place.
 E = Time spent auto-exploring this place.
 F = Levels seen in this place.
 G = Mean time per level.
                   A        B        C        D        E       F      G
               +--------+--------+--------+--------+--------+-----+--------+
         Total |   5682 |   5433 |    249 |    136 |   4301 |   9 |  631.3 |
       Dungeon |   5570 |   5329 |    241 |    136 |   4237 |   7 |  795.7 |
        Temple |     24 |     16 |      8 |      0 |      5 |   1 |   24.0 |
        Bailey |     87 |     87 |      0 |      0 |     59 |   1 |   87.0 |
               +--------+--------+--------+--------+--------+-----+--------+

Top non-repeatable levels by time:
     D:5: 1116 daAuts
     D:3: 1010 daAuts
     D:6: 888 daAuts
     D:4: 874 daAuts
     D:2: 841 daAuts
     D:1: 748 daAuts
     D:7: 91 daAuts
  Bailey: 87 daAuts
  Temple: 24 daAuts
